[ AOE2 MATCH · #507978073 ]
UnrankedBurmese vs Lithuanians
Player's team · LOSS
[ REPLAY ANALYSIS · EXTRACTED FROM THE RECORDED GAME ]
Feudal
9:16
Castle
22:46
Imperial
—
| APM avg | 59.9 |
| APM peak | 109 |
| eAPM avg | 35.8 |
| Villagers / military | 140 / 174 |
Focus
⚔️ 42.8% · 🌾 57.2%
Spearman ×96 · Monk ×36 · Archer ×14 · Petard ×10 · Knight ×7 · Scout Cavalry ×5
Feudal
11:21
Castle
22:47
Imperial
—
| APM avg | 56.1 |
| APM peak | 79 |
| eAPM avg | 29.2 |
| Villagers / military | 115 / 132 |
Focus
⚔️ 37.9% · 🌾 62.1%
Knight ×83 · Petard ×12 · Skirmisher ×11 · Archer ×8 · Monk ×6 · Scout Cavalry ×4
Match map
Initial resources + every placement click. Lines = walls · curves = elevation contours. ◆ gold · ⬟ stone · ● berries · ✦ relic · ◌ wall gap
Your base· ✓ Closed at 22:46 · 28t walls · 1 gate(s)
korn's base· ✓ Closed at 22:47 · 23t walls · 1 gate(s)
Smoothed initial terrain · ◌ = detected wall gap · hover for details
Inputs per minute
— GdR_Scugo - - korn
Build order — GdR_Scugo
First 150 of 430 actions detected
| 0:00 | Queue | Villager (Male) |
| 0:01 | Queue | Villager (Male) |
| 0:01 | Queue | Villager (Male) |
| 0:01 | Queue | Villager (Male) |
| 0:03 | Build | House |
| 0:04 | Build | House |
| 1:25 | Build | House |
| 1:31 | Queue | Villager (Male) |
| 1:31 | Queue | Villager (Male) |
| 2:05 | Queue | Villager (Male) |
| 2:05 | Queue | Villager (Male) |
| 2:06 | Build | Lumber Camp |
| 2:26 | Queue | Villager (Male) |
| 2:26 | Queue | Villager (Male) |
| 2:50 | Queue | Villager (Male) |
| 3:12 | Queue | Villager (Male) |
| 3:12 | Queue | Villager (Male) |
| 3:31 | Queue | Villager (Male) |
| 3:50 | Queue | Villager (Male) |
| 4:25 | Queue | Villager (Male) |
| 4:36 | Queue | Villager (Male) |
| 4:36 | Queue | Villager (Male) |
| 4:40 | Build | Mining Camp |
| 4:47 | Queue | Villager (Male) |
| 5:30 | Queue | Villager (Male) |
| 5:38 | Queue | Villager (Male) |
| 5:59 | Research | Loom |
| 6:49 | Research | Feudal Age |
| 7:00 | Build | Barracks |
| 7:13 | Build | House |
| 8:24 | Queue | Militia |
| 8:24 | Queue | Militia |
| 8:24 | Queue | Militia |
| 9:00 | Queue | Militia |
| 9:09 | Queue | Villager (Male) |
| 9:16 | Age | Feudal Age |
| 9:29 | Research | Man-at-Arms (upgrade) |
| 9:31 | Queue | Villager (Male) |
| 9:41 | Queue | Villager (Male) |
| 9:43 | Build | Archery Range |
| 9:49 | Build | House |
| 10:01 | Queue | Villager (Male) |
| 10:34 | Build | Mill |
| 10:39 | Queue | Archer |
| 10:39 | Queue | Archer |
| 10:45 | Research | Arson |
| 10:46 | Research | Arson |
| 10:57 | Queue | Villager (Male) |
| 11:01 | Build | Farm |
| 11:05 | Build | House |
| 11:16 | Build | Farm |
| 11:24 | Queue | Archer |
| 11:34 | Queue | Villager (Male) |
| 11:49 | Build | House |
| 11:53 | Build | House |
| 12:10 | Queue | Villager (Male) |
| 12:10 | Queue | Villager (Male) |
| 12:15 | Build | House |
| 12:16 | Build | Palisade Wall |
| 12:21 | Queue | Villager (Male) |
| 12:26 | Queue | Archer |
| 12:29 | Build | Palisade Wall |
| 12:44 | Queue | Villager (Male) |
| 12:46 | Build | Palisade Wall |
| 12:47 | Queue | Villager (Male) |
| 12:59 | Queue | Archer |
| 13:06 | Build | House |
| 13:08 | Build | Palisade Wall |
| 13:16 | Queue | Archer |
| 13:16 | Queue | Villager (Male) |
| 13:26 | Queue | Villager (Male) |
| 13:51 | Queue | Villager (Male) |
| 13:54 | Queue | Archer |
| 13:59 | Queue | Villager (Male) |
| 14:07 | Build | Blacksmith |
| 14:13 | Queue | Villager (Male) |
| 15:03 | Research | Fletching |
| 15:03 | Research | Fletching |
| 15:04 | Queue | Villager (Male) |
| 15:07 | Build | House |
| 15:09 | Build | Stable |
| 15:18 | Build | House |
| 15:19 | Queue | Archer |
| 15:48 | Queue | Villager (Male) |
| 15:51 | Queue | Villager (Male) |
| 15:52 | Build | House |
| 15:58 | Queue | Archer |
| 16:03 | Queue | Archer |
| 16:05 | Build | House |
| 16:06 | Queue | Villager (Male) |
| 16:09 | Build | Palisade Wall |
| 16:13 | Queue | Archer |
| 16:17 | Build | Lumber Camp |
| 16:21 | Build | Farm |
| 16:37 | Queue | Archer |
| 17:00 | Queue | Archer |
| 17:04 | Build | Farm |
| 17:17 | Queue | Archer |
| 17:20 | Build | Palisade Gate |
| 17:24 | Build | Palisade Gate |
| 17:25 | Queue | Villager (Male) |
| 18:00 | Build | Market |
| 18:04 | Build | Farm |
| 18:05 | Build | Farm |
| 18:12 | Queue | Villager (Male) |
| 18:14 | Queue | Villager (Male) |
| 18:47 | Build | Farm |
| 18:49 | Build | Farm |
| 19:04 | Build | Stable |
| 19:08 | Queue | Villager (Male) |
| 19:11 | Build | Farm |
| 19:15 | Queue | Villager (Male) |
| 19:31 | Build | Farm |
| 19:45 | Build | Farm |
| 20:06 | Research | Castle Age |
| 20:09 | Build | Farm |
| 20:29 | Build | Farm |
| 20:30 | Queue | Scout Cavalry |
| 20:43 | Build | Farm |
| 20:49 | Research | Horse Collar |
| 21:00 | Build | Farm |
| 21:17 | Queue | Scout Cavalry |
| 21:17 | Queue | Scout Cavalry |
| 21:33 | Queue | Scout Cavalry |
| 22:07 | Queue | Villager (Male) |
| 22:11 | Research | Bloodlines |
| 22:11 | Research | Bloodlines |
| 22:19 | Queue | Villager (Male) |
| 22:33 | Build | Farm |
| 22:42 | Queue | Villager (Male) |
| 22:46 | Age | Castle Age |
| 22:48 | Build | Monastery |
| 22:50 | Build | Monastery |
| 22:50 | Queue | Knight |
| 22:51 | Queue | Knight |
| 22:58 | Queue | Villager (Male) |
| 23:01 | Build | Town Center |
| 23:04 | Queue | Knight |
| 23:10 | Research | Gold Mining |
| 23:11 | Queue | Villager (Male) |
| 23:11 | Queue | Villager (Male) |
| 23:18 | Build | Mining Camp |
| 23:24 | Queue | Villager (Male) |
| 23:26 | Build | Mining Camp |
| 23:29 | Queue | Monk |
| 23:41 | Queue | Villager (Male) |
| 23:44 | Build | Farm |
| 23:49 | Research | Sanctity |
| 24:06 | Queue | Villager (Male) |
| 24:07 | Queue | Villager (Male) |
Build order — korn
First 150 of 379 actions detected
| 0:00 | Queue | Villager (Male) |
| 0:01 | Queue | Villager (Male) |
| 0:01 | Queue | Villager (Male) |
| 0:02 | Build | House |
| 0:03 | Build | House |
| 0:06 | Queue | Villager (Male) |
| 0:08 | Queue | Villager (Male) |
| 0:09 | Queue | Villager (Male) |
| 1:38 | Queue | Villager (Male) |
| 2:05 | Queue | Villager (Male) |
| 2:16 | Build | Barracks |
| 2:29 | Queue | Villager (Male) |
| 3:13 | Queue | Villager (Male) |
| 3:24 | Queue | Villager (Male) |
| 3:32 | Build | House |
| 3:35 | Research | Loom |
| 3:39 | Queue | Militia |
| 3:39 | Queue | Militia |
| 3:58 | Queue | Villager (Male) |
| 4:09 | Build | House |
| 4:32 | Queue | Militia |
| 4:35 | Build | Palisade Wall |
| 4:36 | Queue | Villager (Male) |
| 4:49 | Queue | Villager (Male) |
| 5:01 | Build | Palisade Wall |
| 5:02 | Build | Palisade Wall |
| 5:06 | Queue | Villager (Male) |
| 5:25 | Build | Palisade Wall |
| 5:27 | Build | Palisade Wall |
| 5:46 | Queue | Villager (Male) |
| 5:53 | Queue | Villager (Male) |
| 6:02 | Queue | Villager (Male) |
| 6:34 | Build | House |
| 6:46 | Queue | Villager (Male) |
| 7:09 | Queue | Villager (Male) |
| 7:36 | Queue | Villager (Male) |
| 7:42 | Queue | Villager (Male) |
| 7:47 | Queue | Villager (Male) |
| 8:08 | Queue | Villager (Male) |
| 8:28 | Build | Lumber Camp |
| 8:48 | Queue | Villager (Male) |
| 9:07 | Research | Feudal Age |
| 9:22 | Build | Palisade Gate |
| 9:24 | Build | Palisade Wall |
| 9:25 | Build | Palisade Wall |
| 9:26 | Build | Palisade Wall |
| 9:42 | Build | Mill |
| 10:10 | Build | House |
| 10:23 | Queue | Villager (Male) |
| 10:42 | Build | Mining Camp |
| 10:56 | Build | Lumber Camp |
| 10:59 | Queue | Villager (Male) |
| 11:21 | Age | Feudal Age |
| 11:51 | Build | Archery Range |
| 11:57 | Queue | Villager (Male) |
| 12:15 | Build | House |
| 12:16 | Queue | Villager (Male) |
| 12:20 | Build | Farm |
| 12:24 | Research | Double-Bit Axe |
| 12:39 | Queue | Villager (Male) |
| 12:42 | Queue | Skirmisher |
| 12:42 | Queue | Skirmisher |
| 12:47 | Research | Horse Collar |
| 12:49 | Queue | Villager (Male) |
| 13:11 | Build | Farm |
| 13:15 | Queue | Villager (Male) |
| 13:29 | Build | Farm |
| 13:35 | Queue | Villager (Male) |
| 13:41 | Queue | Skirmisher |
| 13:56 | Build | Farm |
| 14:00 | Queue | Archer |
| 14:12 | Build | House |
| 14:21 | Research | Town Watch |
| 14:26 | Build | Farm |
| 14:29 | Build | Palisade Wall |
| 14:35 | Build | Blacksmith |
| 14:36 | Queue | Villager (Male) |
| 14:40 | Build | House |
| 14:42 | Build | House |
| 14:55 | Build | Farm |
| 14:56 | Queue | Villager (Male) |
| 15:02 | Queue | Archer |
| 15:27 | Queue | Archer |
| 15:37 | Build | Farm |
| 15:38 | Queue | Villager (Male) |
| 15:48 | Queue | Archer |
| 15:56 | Build | Farm |
| 15:57 | Build | Farm |
| 15:57 | Build | Farm |
| 16:04 | Build | Farm |
| 16:08 | Build | Farm |
| 16:11 | Build | Farm |
| 16:11 | Queue | Villager (Male) |
| 16:15 | Queue | Archer |
| 16:23 | Build | Mill |
| 16:24 | Build | Farm |
| 16:24 | Build | Farm |
| 16:24 | Build | Farm |
| 16:24 | Build | Farm |
| 16:48 | Build | House |
| 16:51 | Build | Farm |
| 16:52 | Queue | Villager (Male) |
| 17:01 | Queue | Villager (Male) |
| 17:08 | Research | Fletching |
| 17:08 | Research | Fletching |
| 17:25 | Queue | Villager (Male) |
| 17:36 | Build | Farm |
| 17:40 | Research | Padded Archer Armor |
| 17:44 | Queue | Villager (Male) |
| 17:59 | Build | Farm |
| 18:01 | Queue | Villager (Male) |
| 18:03 | Queue | Skirmisher |
| 18:07 | Build | Market |
| 18:12 | Queue | Skirmisher |
| 18:21 | Queue | Skirmisher |
| 18:52 | Queue | Villager (Male) |
| 18:52 | Queue | Villager (Male) |
| 18:53 | Queue | Villager (Male) |
| 19:08 | Build | Farm |
| 19:09 | Build | Farm |
| 19:27 | Queue | Villager (Male) |
| 19:30 | Queue | Villager (Male) |
| 19:34 | Queue | Skirmisher |
| 19:59 | Queue | Villager (Male) |
| 20:06 | Research | Castle Age |
| 20:06 | Research | Castle Age |
| 20:12 | Queue | Skirmisher |
| 20:21 | Build | House |
| 20:32 | Queue | Skirmisher |
| 20:43 | Build | House |
| 20:49 | Build | House |
| 20:58 | Queue | Skirmisher |
| 21:14 | Queue | Skirmisher |
| 21:25 | Queue | Spearman |
| 21:41 | Queue | Villager (Male) |
| 21:53 | Queue | Villager (Male) |
| 22:02 | Queue | Villager (Male) |
| 22:14 | Build | Stable |
| 22:14 | Queue | Villager (Male) |
| 22:47 | Age | Castle Age |
| 22:48 | Research | Forging |
| 22:49 | Research | Scale Barding Armor |
| 23:00 | Build | Stable |
| 23:20 | Build | Monastery |
| 23:23 | Research | Bloodlines |
| 23:23 | Research | Husbandry |
| 23:25 | Queue | Knight |
| 23:26 | Queue | Knight |
| 23:40 | Queue | Villager (Male) |
| 23:46 | Research | Bow Saw |
Match timeline
| 2:16 | korn · first_building Barracks |
| 4:35 | korn · wall_segment Palisade Wall x3 |
| 5:01 | korn · wall_segment Palisade Wall x2 |
| 5:02 | korn · wall_segment Palisade Wall x4 |
| 5:25 | korn · wall_segment Palisade Wall x1 |
| 5:27 | korn · wall_segment Palisade Wall x6 |
| 7:00 | GdR_Scugo · first_building Barracks |
| 9:16 | GdR_Scugo · age_up feudal |
| 9:24 | korn · wall_segment Palisade Wall x2 |
| 9:25 | korn · wall_segment Palisade Wall x1 |
| 9:26 | korn · wall_segment Palisade Wall x3 |
| 9:43 | GdR_Scugo · first_building Archery Range |
| 11:21 | korn · age_up feudal |
| 11:51 | korn · first_building Archery Range |
| 12:16 | GdR_Scugo · wall_segment Palisade Wall x8 |
| 12:29 | GdR_Scugo · wall_segment Palisade Wall x3 |
| 12:46 | GdR_Scugo · wall_segment Palisade Wall x2 |
| 13:08 | GdR_Scugo · wall_segment Palisade Wall x9 |
| 14:29 | korn · wall_segment Palisade Wall x1 |
| 15:09 | GdR_Scugo · first_building Stable |
| 16:09 | GdR_Scugo · wall_segment Palisade Wall x7 |
| 18:45 | GdR_Scugo · first_market_buy 100 food |
| 19:21 | korn · first_market_buy 100 food |
| 19:24 | korn · first_market_sell 100 wood |
| 19:25 | GdR_Scugo · first_market_sell 100 stone |
| 22:14 | korn · first_building Stable |
| 22:46 | GdR_Scugo · age_up castle |
| 22:47 | korn · age_up castle |
| 22:48 | GdR_Scugo · first_building Monastery |
| 23:20 | korn · first_building Monastery |
| 36:47 | GdR_Scugo · first_building Castle |
| 37:51 | korn · first_building Castle |
| 39:47 | GdR_Scugo · first_building Siege Workshop |
| 39:57 | korn · first_building Siege Workshop |
| 42:51 | GdR_Scugo · resign |
[ AI ANALYSIS · 1 CREDIT ]
What really happened in this match?
Wolo.gg analyzes every decision: build order, eco, micro, common mistakes by bracket. Personalized analysis on WhatsApp or Discord in 30 seconds.
Civ guide
Burmese
Perfil
Jugador #4823979